 Dungeon Crawl Stone Soup version 0.28.0-45-g0d030f2227 (webtiles) character file.

Game seed: 18007626808894166934

4646 0gre the Cudgeller (level 10, -4/102 HPs)
             Began as an Octopode Berserker on Apr 12, 2022.
             Was an Elder of Trog.
             Slain by an acid dragon (10 damage)
             ... on level 7 of the Dungeon.
             The game lasted 00:25:58 (8636 turns).

0gre the Cudgeller (Octopode Berserker)             Turns: 8636, Time: 00:25:58

Health: -4/102     AC:  5    Str: 20    XL:     10   Next: 43%
Magic:  10/10      EV: 19    Int: 10    God:    Trog [****..]
Gold:   327        SH:  0    Dex: 12    Spells: 9/9 levels left

rFire   . . .      SeeInvis .   a - +3 war axe (holy)
rCold   . . .      Faith    .   (no shield)
rNeg    . . .      Spirit   .   (helmet restricted)
rPois   .          Reflect  .   (no amulet)
rElec   .          Harm     .   x - +4 ring of protection
rCorr   .          Rampage  .   m - +4 ring of evasion
Will    .....                   (no ring)
Stlth   ..........              (no ring)
HPRegen 0.27/turn               (no ring)
MPRegen 0.12/turn               (no ring)
                                (no ring)
                                (no ring)

@: berserking, very quick
A: almost no armour, amphibious, 8 rings, camouflage 1, gelatinous body 1,
(nimble swimmer 1), tentacles
a: Renounce Religion, Berserk, Trog's Hand, Brothers in Arms


You were on level 7 of the Dungeon.
You worshipped Trog.
Trog was greatly pleased with you.
You visited 1 branch of the dungeon, and saw 8 of its levels.

You collected 561 gold pieces.
You spent 234 gold pieces at shops.

Inventory:

Hand Weapons
 a - a +3 war axe of holy wrath (weapon)
 b - a +0 hand crossbow
 D - a +0 morningstar
Missiles
 i - 63 bolts
 k - 157 stones
 l - 93 arrows
 o - 2 throwing nets
 y - 6 boomerangs (quivered)
 A - 6 curare-tipped darts
Jewellery
 m - a +4 ring of evasion (right tentacle)
 x - a +4 ring of protection (left tentacle)
 E - a ring of flight
Wands
 e - a wand of iceblast (8)
 F - a wand of charming (8)
Scrolls
 g - 2 scrolls of magic mapping
 j - 7 scrolls of teleportation
 n - 2 scrolls of blinking {unknown}
 p - 2 scrolls of fog {unknown}
 s - a scroll of summoning {unknown}
 u - 3 scrolls of holy word {unknown}
 w - a scroll of enchant weapon {unknown}
 z - 4 scrolls of silence
 B - a scroll of amnesia {unknown}
 C - a scroll of vulnerability {unknown}
 G - a scroll of immolation {unknown}
Potions
 c - 4 potions of heal wounds
 d - 3 potions of mutation
 f - 8 potions of curing
 h - 2 potions of brilliance {unknown}
 q - a potion of might {unknown}
 r - a potion of ambrosia {unknown}
 t - 2 potions of haste
 v - 2 potions of lignification {unknown}
 H - a potion of cancellation {unknown}


   Skills:
 + Level 6.1 Fighting
 * Level 5.0(6.0) Short Blades
 * Level 5.0(6.0) Long Blades
 + Level 5.8(7.4) Axes
 + Level 7.0(8.0) Maces & Flails
 + Level 3.8 Bows
 + Level 3.8 Crossbows
 + Level 2.1 Throwing
 + Level 5.7 Dodging
 - Level 0.6 Stealth
 + Level 0.5 Evocations


You had 9 spell levels left.
You didn't know any spells.
Your spell library was empty.

Dungeon Overview and Level Annotations

Branches:
Dungeon (8/15)             Temple (0/1) D:6
   Lair: D:8-11

Altars:
Dithmenos
Hepliaklqana
Uskayaw
Vehumet
Wu Jian

Shops:
D:4 !   D:5 *


Innate Abilities, Weirdness & Mutations

You cannot wear most types of armour.
You are amphibious.
You can wear up to eight rings at the same time.
Your skin changes colour to match your surroundings (Stealth+).
Your rubbery body absorbs attacks. (AC +1, EV +1)
((You are camouflaged when in or above water. (Stealth+)))
You have tentacles for arms and can constrict up to eight enemies at once.


Message History

The splash of acid hits you!
The orc shouts!
You hear a shout!
The ice beast completely misses you.
You closely miss the ice beast. You squeeze the ice beast.
The ice beast is severely wounded.
The ice beast misses you.
You slash the ice beast!
The ice beast is almost dead.
The ice beast misses you.
You barely miss the ice beast.
The ice beast is almost dead.
The ice beast completely misses you.
You hit the ice beast.
You kill the ice beast!
Trog accepts your kill.
You barely miss the orc. Your grab misses the orc. Your squeeze misses the orc.
The orc closely misses you.
You closely miss the orc. Your grab misses the orc.
The orc hits you with a +0 flail. The orc misses you.
You hit the orc but do no damage. Your grab misses the orc.
Your tentacle-slap misses the orc.
The orc closely misses you.
You slash the orc!
You kill the orc!
Trog accepts your kill.
The orc hits you with a +4 vorpal war axe!
You hit the orc. You grab the orc. You squeeze the orc.
You kill the orc!
Trog accepts your kill. The acid dragon spits acid at you.
The splash of acid hits you!!
Ouch! That really hurt!
* * * LOW HITPOINT WARNING * * *
You hear a shout!
A red film seems to cover your vision as you go berserk!
You feel yourself moving faster!
You feel mighty!
You hit the acid dragon. Your squeeze misses the acid dragon.
The acid dragon is lightly wounded.
The acid dragon bites you!
You die...

.............>.#,+.....#....>.*
##..###.......##,*#....#......*
#...##..#####.#_≈#.........D.*
###.....######.####...........*
................##............*
....#....#####.##.......######*
......##.###...##.......#
......##.#...####D....o.#
#.##.[..........@####.#.#
..##.#####.###...# *#.#.#
####.# #..* #...#**..#o# ####.#
*#.#* #...#*,.##.# .....#**..*
#####*,#**,* .#####*..#* ***
*,* .# *,<.#* **_***,* ## *,***
**,,,**,* # ***,* *,,*,,*,***


You could see an orc warrior and an acid dragon.

Vanquished Creatures
  A centaur zombie (D:8)
  The ghost of ravioli the Chopper, a novice HOFi (D:5)
  The ghost of Kazon the Chopper, a novice DgFi (D:5)
  Grinder (D:4)
  3 yaks (D:8)
  2 vampire mosquitoes (D:8)
  A water moccasin (D:5)
  An ice beast (D:7)
  3 sky beasts
  An ogre (D:6)
  2 necrophages (D:4)
  2 phantoms (D:5)
  3 centaurs
  A kobold brigand (D:8)
  3 bullfrogs
  3 scorpions
  A gnoll sergeant (D:8)
  4 wights (D:8)
  2 bullfrog zombies (D:5)
  2 centaur skeletons
  A bullfrog skeleton (D:6)
  3 orc priests (D:6)
  A hound (D:6)
  An iguana (D:4)
  5 orc wizards (D:6)
  A killer bee zombie (D:5)
  A howler monkey skeleton (D:6)
  A howler monkey zombie (D:8)
  9 adders
  A river rat (D:4)
  9 gnolls
  A shadow imp (D:5)
  5 worms
  3 dart slugs
  18 orcs
  9 endoplasms
  21 giant cockroaches
  9 goblins
  8 hobgoblins
  3 jackals (D:4)
  6 quokkas
  3 ball pythons
  4 bats
  9 kobolds
  4 rats
174 creatures vanquished.

Vanquished Creatures (others)
  Maurice (D:8)
  6 withered plants (D:5)
7 creatures vanquished.

Grand Total: 181 creatures vanquished

Notes
Turn   | Place    | Note
-------+----------+-------------------------------------------
     0 | D:1      | 0gre the Octopode Berserker began the quest for the Orb.
     0 | D:1      | Reached XP level 1. HP: 16/16 MP: 1/1
   169 | D:1      | Reached XP level 2. HP: 21/21 MP: 2/2
   909 | D:2      | Reached XP level 3. HP: 11/26 MP: 3/3
  1356 | D:2      | Reached ** piety under Trog
  1469 | D:2      | Reached XP level 4. HP: 28/31 MP: 4/4
  1961 | D:2      | Reached skill level 1 in Crossbows
  2460 | D:3      | Found a hazy altar of Hepliaklqana.
  2462 | D:3      | Found a faded altar of an unknown god.
  2468 | D:3      | Reached skill level 1 in Bows
  2552 | D:3      | Found a shadowy altar of Dithmenos.
  2776 | D:3      | Reached XP level 5. HP: 36/36 MP: 5/5
  2778 | D:3      | Reached skill level 1 in Throwing
  3185 | D:3      | Found a radiant altar of Vehumet.
  3401 | D:4      | Noticed a necrophage
  3402 | D:4      | Reached *** piety under Trog
  3407 | D:4      | Killed a necrophage
  3408 | D:4      | Reached skill level 1 in Maces & Flails
  3408 | D:4      | Reached XP level 6. HP: 23/43 MP: 6/6
  3862 | D:4      | Noticed Grinder
  3998 | D:4      | Killed Grinder
  3999 | D:4      | Reached skill level 2 in Maces & Flails
  3999 | D:4      | Reached XP level 7. HP: 43/48 MP: 7/7
  4189 | D:4      | Reached skill level 3 in Maces & Flails
  4295 | D:4      | Found Raur's Distillery.
  4303 | D:4      | Bought a potion of degeneration for 11 gold pieces
  4309 | D:4      | Bought a potion of curing for 33 gold pieces
  4309 | D:4      | Bought a potion of heal wounds for 55 gold pieces
  4309 | D:4      | Bought a potion of curing for 33 gold pieces
  4309 | D:4      | Bought 2 potions of curing for 66 gold pieces
  4775 | D:5      | Entered Level 5 of the Dungeon
  4802 | D:5      | Found a runed translucent gate.
  4803 | D:5      | Found a runed translucent gate.
  4803 | D:5      | Found a runed translucent gate.
  4804 | D:5      | Noticed ravioli's ghost (novice HOFi)
  4804 | D:5      | Noticed Kazon's ghost (novice DgFi)
  4818 | D:5      | Reached skill level 1 in Short Blades
  4818 | D:5      | Reached skill level 1 in Long Blades
  4964 | D:5      | Reached skill level 4 in Maces & Flails
  5008 | D:5      | Found a hide-covered altar of Uskayaw.
  5064 | D:5      | Found Xecuklur's Serpentskin Sales.
  5072 | D:5      | Reached XP level 8. HP: 51/54 MP: 8/8
  5077 | D:5      | Bought 5 curare-tipped darts for 36 gold pieces
  5301 | D:5      | Reached skill level 5 in Maces & Flails
  5572 | D:5      | Killed ravioli's ghost
  5581 | D:5      | Killed Kazon's ghost
  5582 | D:5      | Reached skill level 5 in Fighting
  5582 | D:5      | Reached skill level 6 in Maces & Flails
  5582 | D:5      | Reached XP level 9. HP: 13/61 MP: 9/9
  5923 | D:6      | Reached skill level 5 in Dodging
  5938 | D:6      | Found a staircase to the Ecumenical Temple.
  5945 | D:6      | HP: 2/91 [orc priest/divine providence (10)]
  6779 | D:6      | Reached **** piety under Trog
  7048 | D:7      | You fall into a shaft and drop 1 floor!
  7074 | D:8      | Reached skill level 7 in Maces & Flails
  7097 | D:8      | Found an ornate altar of the Wu Jian Council.
  7480 | D:8      | Reached XP level 10. HP: 39/68 MP: 10/10
  7485 | D:8      | Reached skill level 5 in Axes
  7842 | D:8      | Noticed Maurice
  7877 | D:8      | Killed Maurice
  8334 | D:7      | Reached skill level 5 in Short Blades
  8551 | D:7      | Reached skill level 5 in Long Blades
  8636 | D:7      | Slain by an acid dragon

Illustrated notes

Levels and vault maps discovered:
D:1:      dpeg_arrival_fog, layout_rooms
D:2:      kennysheep_six_static_rooms, layout_basic, moated_statue,
          minmay_goblin_outpost
D:3:      minmay_roachtagon, layout_basic, pf_just_have_faith,
          beargit_hepliaklqana_dungeon_heroes, mainiacjoe_overflow_boulevard,
          minmay_bisected
D:4:      layout_loops_ring, serial_shops, shop, gup_sewer_entry_spiral,
          uniq_grinder
D:5:      layout_loops_ring, mainiacjoe_overflow_brackets,
          gammafunk_ghost_cemetery, guppyfry_shop_venom
D:6:      layout_cave_pools, lemuel_temple_firewalk_a, hangedman_glass_teeth
D:7:      layout_rooms, amethyst_overflow_temple_binary,
          gammafunk_temple_overflow_elements, hangedman_abyss_or_decor_passed
D:8:      layout_rooms, nzn_wu_jian_council_hall, st_stairs_10, uniq_grum,
          uniq_maurice

Skill      XL: |  1  2  3  4  5  6  7  8  9 10 |
---------------+-------------------------------+-----
Crossbows      | 1 2 3 |  3.8
Bows           | 1 2 3 |  3.8
Throwing       | 1 2 |  2.1
Axes           | 4 5 |  5.8
Maces & Flails | 1 2 4 6 7 |  7.0
Fighting       | 4 5 6 |  6.1
Short Blades   | 1 3 4 5 |  5.0
Long Blades    | 1 3 4 5 |  5.0
Dodging        | 4 5 |  5.7
Stealth        | |  0.6
Evocations     | |  0.5

Action                   |  1- 3 |  4- 6 |  7- 9 | 10-12 || total
-------------------------+-------+-------+-------+-------++-------
Melee: Hand axe          |    62 |    25 |       |       ||    87
       Tentacles         |     7 |    26 |    57 |     8 ||    98
       Constrict         |    10 |    29 |    33 |     5 ||    77
       Flail             |       |    83 |   157 |       ||   240
       Punch             |       |     1 |     5 |       ||     6
       War axe           |       |       |    54 |    56 ||   110
 Fire: Shortbow          |       |       |    28 |       ||    28
       Hand crossbow     |       |       |    11 |     5 ||    16
Throw: Boomerang         |       |       |       |     1 ||     1
Invok: Berserk           |     1 |     2 |     3 |     3 ||     9
Evoke: Wand              |       |       |     2 |     2 ||     4
  Use: Scroll            |       |     5 |     2 |     1 ||     8
       Potion            |       |       |     1 |       ||     1
 Stab: Sleeping          |     9 |     6 |     8 |     1 ||    24
Armor: Skin              |     3 |    10 |    35 |    11 ||    59
Dodge: Dodged            |    30 |    72 |   173 |    54 ||   329
